 Dungeon Sprint DCSS version 0.27-a0-1139-g28e009f8a6 (webtiles) character file.

Game seed: 9686346397901294843

556 Zeld the Arsonist (level 7, -3/49 HPs)
             Began as an Octopode Fire Elementalist on May 7, 2021.
             Was an Initiate of Sif Muna.
             Slain by a polar bear (shapeshifter) (13 damage)
             ... in the Dungeon (Sprint V: "Ziggurat Sprint").
             The game lasted 00:00:58 (108 turns).

Zeld the Arsonist (Octopode Fire Elementalist)       Turns: 108, Time: 00:00:58

Health: -3/49      AC:  1    Str:  7    XL:     7   Next: 30%
Magic:  5/15       EV: 14    Int: 32    God:    Sif Muna [......]
Gold:   0          SH:  0    Dex: 12    Spells: 16/17 levels left

rFire    . . .     SeeInvis .   (no weapon)
rCold    . . .     Faith    .   (no shield)
rNeg     . . .     Spirit   .   (helmet restricted)
rPois    .         Reflect  .   (no amulet)
rElec    .         Harm     .   u - +6 ring of intelligence
rCorr    .         Rampage  .   v - +6 ring of intelligence
Will     .....     NoTele   +   (no ring)
Stlth    +++.......             (no ring)
HPRegen  0.16/turn              (no ring)
MPRegen  0.14/turn              (no ring)
                                (no ring)
                                (no ring)

@: no status effects
A: almost no armour, amphibious, 8 rings, camouflage 1, gelatinous body 1,
(nimble swimmer 1), tentacles
a: Renounce Religion


You were in the Dungeon.
You worshipped Sif Muna.
Sif Muna was noncommittal.
You visited 1 branch

Inventory:

Armour
 a - a +3 tower shield
Jewellery
 u - a +6 ring of intelligence (left tentacle)
 v - a +6 ring of intelligence (right tentacle)
Wands
 r - a wand of mindburst (7)
 s - a wand of iceblast (7)
 t - a wand of acid (7)
Scrolls
 g - 3 scrolls of blinking
 h - 4 scrolls of amnesia
 i - 7 scrolls of fog
 j - a scroll of holy word
 k - 5 scrolls of identify
 l - 2 scrolls of fear
Potions
 b - 10 potions of curing
 c - 10 potions of heal wounds
 d - 6 potions of haste
 e - 7 potions of magic
 f - 3 potions of berserk rage
 m - 2 potions of brilliance
 n - 2 potions of invisibility
 o - 4 potions of resistance
 q - 5 potions of might
Miscellaneous
 w - a lightning rod (1/4)


   Skills:
 + Level 4.5 Fighting
 + Level 5.1 Dodging
 - Level 2.6 Stealth
 + Level 5.8 Spellcasting
 + Level 6.0 Conjurations
 * Level 9.4 Fire Magic
 * Level 7.4 Invocations


You had 16 spell levels left.
You knew the following spells:

 Your Spells              Type           Power      Damage    Failure   Level
a - Foxfire               Conj/Fire      100%       2x1d9     1%          1

Your spell library contained the following spells:

 Spells                   Type           Power      Damage    Failure   Level
 Conjure Flame            Conj/Fire      56%        6-21      1%          3
 Inner Flame              Hex/Fire       39%        N/A       1%          3
 Sticky Flame             Conj/Fire      56%        2d7       1%          4
 Fireball                 Conj/Fire      28%        3d12      5%          5


Dungeon Overview and Level Annotations

Branches:
Dungeon (1/1)

Altars:
Ashenzari
Cheibriados
Dithmenos
Elyvilon
Fedhas
Gozag
Hepliaklqana
Kikubaaqudgha
Makhleb
Nemelex Xobeh
Okawaru
Qazlal
Ru
Sif Muna
Trog
Uskayaw
Vehumet
Wu Jian
Xom
Yredelemnul
Zin
The Shining One
Beogh
Jiyva
Lugonu

Annotations:
D 1 transporter


Innate Abilities, Weirdness & Mutations

You cannot wear most types of armour.
You are amphibious.
You can wear up to eight rings at the same time.
Your skin changes colour to match your surroundings (Stealth+).
Your rubbery body absorbs attacks. (AC +1, EV +1)
((You are camouflaged near water. (Stealth+)))
You have tentacles for arms and can constrict up to eight enemies at once.


Message History

The polar bear is moderately wounded.
The polar bear bites you!
* * * LOW HITPOINT WARNING * * *
The polar bear claws you but does no damage.
The polar bear claws you.
* * * LOW HITPOINT WARNING * * *
Press: ? - help, v - describe, . - travel
Here: a polar bear (moderately wounded, ally target)
A transporter landing site.
Blink to where?
Press: ? - help, Dir - move target
As you read the scroll of blinking, it crumbles to dust.
The foxfire hits the polar bear but does no damage.
The polar bear is moderately wounded.
The foxfire hits the polar bear.
The polar bear is moderately wounded.
Okay, then.
Okay, then.
Aiming: Thunderbolt
Press: ? - help, Shift-Dir - straight line, f - polar bear
Aim: a polar bear (moderately wounded)
The thunderbolt hits the polar bear!
The polar bear is heavily wounded.
Unknown command.
Unknown command.
Aiming: Thunderbolt
Press: ? - help, Shift-Dir - straight line, f/p - polar bear
Aim: a polar bear (heavily wounded)
The thunderbolt hits the polar bear!
The polar bear is almost dead.
Unknown command.
The polar bear goes berserk!
There is a transporter here.
Aiming: Thunderbolt
Press: ? - help, Shift-Dir - straight line, f/p - polar bear
Aim: a polar bear (almost dead, berserk)
The thunderbolt hits the polar bear.
The polar bear is almost dead.
The polar bear bites you!
You die...

▓▓▓▓▓▓▓
▓.8@8.▓
▓..h..▓
▓.|.[.▓
▓.....▓
▓..)..▓
▓..©..▓
▓▓▓▓▓▓▓


You could see a polar bear (berserk).

Vanquished Creatures
  A deep elf knight (D)
1 creature vanquished.

Vanquished Creatures (others)
  7 foxfires (D)
7 creatures vanquished.

Grand Total: 8 creatures vanquished

Notes
Turn   | Place    | Note
-------+----------+-------------------------------------------
     0 | D        | Zeld the Octopode Fire Elementalist began the quest for the
                  | Orb.
     0 | D        | Reached XP level 1. HP: 11/11 MP: 3/3
     2 | D        | Found a blossoming altar of Fedhas.
     3 | D        | Found the +6 Majin-Bo {vamp, MP+6 Int+6}
     3 | D        | Found the +9 heavy crossbow "Sniper" {vorpal, Acc+∞ SInv}
     3 | D        | Found the +10 dark maul {vorpal}
     3 | D        | Found the +15 Maxwell's patent armour {-Cast -Tele rElec
                  | Will+ rCorr}
     3 | D        | Found the +18 shield of the Gong {rElec rN+ Will+ EV-5}
     3 | D        | Found the +14 obsidian axe {vorpal, Drain Fly SInv}
     3 | D        | Found the +7 great mace "Firestarter" {inner flame, rF++}
     3 | D        | Found the +6 shillelagh "Devastator" {shatter}
     3 | D        | Found the +11 plutonium sword {Contam Stlth-}
     3 | D        | Found the +8 lance "Wyrmbane" {slay drac, rPois rF+ rC+
                  | AC+3}
     3 | D        | Found the +9 sword of Zonguldrok {reap}
     3 | D        | Found the +13 scythe of Curses {drain, Drain}
     3 | D        | Found the +5 sword of Power {vorpal}
     3 | D        | Found the +7 mace of Variability {chain chaos}
     3 | D        | Found the +7 Singing Sword {vorpal, sonic wave}
     3 | D        | Found the +8 storm bow {elec, penet}
     4 | D        | Found a viscous altar of Jiyva.
     4 | D        | Found a hazy altar of Hepliaklqana.
     4 | D        | Found a transporter.
     4 | D        | Found an opulent altar of Gozag.
     4 | D        | Found an ancient bone altar of Kikubaaqudgha.
     4 | D        | Found a corrupted altar of Lugonu.
    14 | D        | Found a burning altar of Makhleb.
    15 | D        | Found a sacrificial altar of Ru.
    15 | D        | Found a shimmering blue altar of Sif Muna.
    15 | D        | Found a stormy altar of Qazlal.
    15 | D        | Found a bloodstained altar of Trog.
    15 | D        | Found an iron altar of Okawaru.
    15 | D        | Found a sparkling altar of Nemelex Xobeh.
    45 | D        | Became a worshipper of Sif Muna the Loreminder
    47 | D        | Reached skill level 6 in Fire Magic
    47 | D        | Reached XP level 2. HP: 17/17 MP: 3/6
    94 | D        | Entered arena 2.
    94 | D        | Noticed a polar bear
    94 | D        | Noticed a deep elf knight
    94 | D        | Found a transporter.
    98 | D        | Killed a deep elf knight
    99 | D        | Reached skill level 5 in Dodging
    99 | D        | Reached skill level 5 in Spellcasting
    99 | D        | Reached skill level 9 in Fire Magic
    99 | D        | Reached XP level 3. HP: 24/27 MP: 7/10
    99 | D        | Reached XP level 4. HP: 30/34 MP: 7/11
    99 | D        | Reached XP level 5. HP: 33/38 MP: 8/13
    99 | D        | Reached XP level 6. HP: 39/44 MP: 8/14
    99 | D        | Reached XP level 7. HP: 43/49 MP: 8/15
   108 | D        | Slain by a polar bear (shapeshifter)

Illustrated notes

Levels and vault maps discovered:
D:        sprint_v [room_start, room_1, room_2, room_3, room_4, room_5, room_6,
          room_7, room_8, room_9, room_10, room_11, room_12, room_13, room_14,
          room_15, room_16, room_17, room_18, room_19, room_20, room_21,
          room_22, room_23, room_24, room_25, room_26, room_27]

Skill      XL: |  1  2 |
---------------+-------+-----
Spellcasting   | 3 5 |  5.8
Conjurations   | 3 6 |  6.0
Fire Magic     | 6 9 |  9.4
Fighting       | 4 |  4.5
Dodging        | 5 |  5.1
Invocations    | 7 |  7.4
Stealth        | |  2.6

Action                   |  1- 3 |  4- 6 |  7- 9 || total
-------------------------+-------+-------+-------++-------
 Cast: Foxfire           |       |       |     4 ||     4
Evoke: Lightning rod     |     4 |       |     3 ||     7
  Use: Potion            |     1 |       |       ||     1
       Scroll            |       |       |     1 ||     1
Armor: Skin              |       |       |     1 ||     1
Dodge: Dodged            |     2 |       |     4 ||     6

Table legend: (Time is in decaauts)
 A = Elapsed time spent in this place.
 B = Non-inter-level travel time spent in this place.
 C = Inter-level travel time spent in this place.
 D = Time resting spent in this place.
 E = Time spent auto-exploring this place.
 F = Levels seen in this place.
 G = Mean time per level.
                   A        B        C        D        E       F      G
               +--------+--------+--------+--------+--------+-----+--------+
         Total |    107 |    107 |      0 |     32 |     15 |   1 |  107.0 |
       Dungeon |    107 |    107 |      0 |     32 |     15 |   1 |  107.0 |
               +--------+--------+--------+--------+--------+-----+--------+

Top non-repeatable levels by time:
       D: 107 daAuts
